| TOP OF THE 1ST |
|
Idaho Falls Chukars batting - Pitching for Minnesota (NYP) Twins : LHP Ricky Lopez
|
|
Pitching: LHP Ricky Lopez
|
|
|
Batting: RHB Mike Bearden
|
0-0: Ball 1-0: Called Strike 1-1: Ball 2-1: Ball 3-1: Base on Balls
|
|
Batting: RHB Jonas Fernandez
|
0-0: Foul Ball, location: 2F 0-1: Swinging Strike 0-2: Fielders Choice at 2nd, 5-4 (Groundball, 56, EV 80.6 MPH)
|
|
Batting: RHB Carlos Almada
|
0-0: Called Strike 0-1: Called Strike 0-2: Ball 1-2: Ball 2-2: Fielders Choice at 2nd, 4-6 (Groundball, 34, EV 82.5 MPH)
|
|
Batting: RHB Chance Argy
|
0-0: Ball 1-0: Ball Wild Pitch! Carlos Almada to second 2-0: Swinging Strike 2-1: Called Strike 2-2: Foul Ball, location: 2F 2-2: Foul Ball, location: 2F 2-2: Ball 3-2: Strikes out swinging
|
| Top of the 1st over - 0 runs, 0 hits, 0 errors, 1 left on base; Idaho Falls 0 - Minnesota (NYP) 0 |
| BOTTOM OF THE 1ST |
|
Minnesota (NYP) Twins batting - Pitching for Idaho Falls Chukars : LHP Kentaro Shimasaki
|
|
Pitching: LHP Kentaro Shimasaki
|
|
|
Batting: RHB David McClellan
|
0-0: Ball 1-0: SINGLE (Flyball, 8LS, EV 84.4 MPH)
|
|
Batting: RHB Caleb Bockmann
|
0-0: Ball David McClellan steals 2nd base 1-0: Ball 2-0: Ball 3-0: Called Strike 3-1: Base on Balls
|
|
Batting: RHB Pat Adams
|
0-0: Ball 1-0: Swinging Strike 1-1: Ball 2-1: Swinging Strike 2-2: Foul Ball, location: 2F 2-2: Strikes out swinging
|
|
Batting: RHB Steve Terrell
|
0-0: Called Strike 0-1: Called Strike 0-2: DOUBLE (Line Drive, 7LM, EV 95.6 MPH) David McClellan scores Caleb Bockmann to third Runner from 3rd tries for Home, SAFE, no throw by LF
|
|
Batting: RHB Fhil Mikrakin
|
0-0: Ball 1-0: Called Strike 1-1: Swinging Strike 1-2: Fly out, F8 (Flyball, 8RM, EV 86.9 MPH)
|
|
Batting: LHB Yasutoshi Hayashi
|
0-0: Ball 1-0: Called Strike 1-1: Ground out 3-1 (Groundball, 34S, EV 83.8 MPH)
|
| Bottom of the 1st over - 2 runs, 2 hits, 0 errors, 1 left on base; Idaho Falls 0 - Minnesota (NYP) 2 |
| TOP OF THE 2ND |
|
Idaho Falls Chukars batting - Pitching for Minnesota (NYP) Twins : LHP Ricky Lopez
|
|
Batting: RHB Ian Hornsby
|
0-0: Ball 1-0: Ground out 5-3 (Groundball, 56, EV 88.1 MPH)
|
|
Batting: RHB Jimmy Mayville
|
0-0: Ball 1-0: Ball 2-0: Foul Ball, location: 2F 2-1: Ball 3-1: Base on Balls
|
|
Batting: RHB Bobby Matyas
|
0-0: Grounds into double play, 6-4-3 (Groundball, 6, EV 88.1 MPH)
|
| Top of the 2nd over - 0 runs, 0 hits, 0 errors, 0 left on base; Idaho Falls 0 - Minnesota (NYP) 2 |
| BOTTOM OF THE 2ND |
|
Minnesota (NYP) Twins batting - Pitching for Idaho Falls Chukars : LHP Kentaro Shimasaki
|
|
Batting: LHB Jose Hilario
|
0-0: TRIPLE (Flyball, 9D, EV 103.1 MPH)
|
|
Batting: SHB Juan Aguilar
|
0-0: Ball 1-0: Ball 2-0: Called Strike 2-1: Ball 3-1: Foul Ball, location: 2F 3-2: Base on Balls
|
|
Batting: LHB Ben Roth
|
0-0: Ball 1-0: Foul Ball, location: 2F 1-1: Foul Ball, location: 2F 1-2: Foul Ball, location: 2F 1-2: Strikes out looking
|
|
Batting: RHB David McClellan
|
0-0: Foul Ball, location: 2F 0-1: Fly out, F8 (Flyball, 78D, EV 100.0 MPH) Runner from 3rd tags up, SCORES, throw by CF
|
|
Batting: RHB Caleb Bockmann
|
0-0: Called Strike 0-1: Called Strike 0-2: Ball 1-2: SINGLE (Line Drive, 56D, EV 96.2 MPH) Juan Aguilar to second
|
|
Batting: RHB Pat Adams
|
0-0: Called Strike 0-1: Ball Passed Ball! Juan Aguilar to third Caleb Bockmann to second 1-1: Ball 2-1: Ball 3-1: Foul Ball, location: 2F 3-2: Base on Balls
|
|
Batting: RHB Steve Terrell
|
0-0: Fielders Choice at 2nd, 6-4 (Groundball, 6, EV 90.6 MPH)
|
| Bottom of the 2nd over - 1 run, 2 hits, 0 errors, 3 left on base; Idaho Falls 0 - Minnesota (NYP) 3 |
| TOP OF THE 3RD |
|
Idaho Falls Chukars batting - Pitching for Minnesota (NYP) Twins : LHP Ricky Lopez
|
|
Batting: LHB David Bearden
|
0-0: Swinging Strike 0-1: Ground out 4-3 (Groundball, 4S, EV 63.8 MPH)
|
|
Batting: SHB Benoît Morin
|
0-0: Fly out, F9 (Flyball, 9D, EV 94.4 MPH)
|
|
Batting: RHB Mike Bearden
|
0-0: Ball 1-0: Foul Ball, location: 2F 1-1: Reached on error, E4 (Groundball, 4, EV 105.6 MPH)
|
|
Batting: RHB Jonas Fernandez
|
0-0: SINGLE (Groundball, 56S, EV 67.5 MPH) (infield hit) Mike Bearden to second
|
|
Batting: RHB Carlos Almada
|
0-0: Foul Ball, location: 2F 0-1: DOUBLE (Line Drive, 7LS, EV 93.8 MPH) Mike Bearden scores Jonas Fernandez to third Runner from 3rd tries for Home, SAFE, throw by LF to home
|
|
Batting: RHB Chance Argy
|
0-0: Ball 1-0: Ball 2-0: Swinging Strike 2-1: Foul Ball, location: 2F 2-2: Foul Ball, location: 2F 2-2: Strikes out swinging
|
| Top of the 3rd over - 2 runs, 2 hits, 1 error, 1 left on base; Idaho Falls 2 - Minnesota (NYP) 3 |
| BOTTOM OF THE 3RD |
|
Minnesota (NYP) Twins batting - Pitching for Idaho Falls Chukars : LHP Kentaro Shimasaki
|
|
Batting: RHB Fhil Mikrakin
|
0-0: Fly out, F9 (Flyball, 9S, EV 91.2 MPH)
|
|
Batting: LHB Yasutoshi Hayashi
|
0-0: Called Strike 0-1: Foul Ball, location: 2F 0-2: Ground out 4-3 (Groundball, 4, EV 80.6 MPH)
|
|
Batting: LHB Jose Hilario
|
0-0: Swinging Strike 0-1: Foul Ball, location: 2F 0-2: Foul Ball, location: 2F 0-2: Strikes out swinging
|
| Bottom of the 3rd over - 0 runs, 0 hits, 0 errors, 0 left on base; Idaho Falls 2 - Minnesota (NYP) 3 |
| TOP OF THE 4TH |
|
Idaho Falls Chukars batting - Pitching for Minnesota (NYP) Twins : LHP Ricky Lopez
|
|
Batting: RHB Ian Hornsby
|
0-0: Foul Ball, location: 2F 0-1: Foul Ball, location: 2F 0-2: Ball 1-2: Foul Ball, location: 2F 1-2: Ball 2-2: Strikes out swinging
|
|
Batting: RHB Jimmy Mayville
|
0-0: Ball 1-0: Ball 2-0: Foul Ball, location: 2F 2-1: Swinging Strike 2-2: Strikes out looking
|
|
Batting: RHB Bobby Matyas
|
0-0: Ball 1-0: Foul Ball, location: 2F 1-1: Ball 2-1: Foul Ball, location: 2F 2-2: Strikes out swinging
|
| Top of the 4th over - 0 runs, 0 hits, 0 errors, 0 left on base; Idaho Falls 2 - Minnesota (NYP) 3 |
| BOTTOM OF THE 4TH |
|
Minnesota (NYP) Twins batting - Pitching for Idaho Falls Chukars : LHP Kentaro Shimasaki
|
|
Batting: SHB Juan Aguilar
|
0-0: Ball 1-0: Ball 2-0: Fly out, F8 (Flyball, 78M, EV 83.8 MPH)
|
|
Pitching: LHP Dustin Waller
|
|
|
Batting: LHB Ben Roth
|
0-0: Ball 1-0: Ball 2-0: Called Strike 2-1: Bunt missed! 2-2: Strikes out looking
|
|
Batting: RHB David McClellan
|
0-0: Swinging Strike 0-1: Ball 1-1: Swinging Strike 1-2: Ball 2-2: Ball 3-2: Foul Ball, location: 2F 3-2: Foul Ball, location: 2F 3-2: Fly out, F7 (Line Drive, 78M, EV 90.0 MPH)
|
| Bottom of the 4th over - 0 runs, 0 hits, 0 errors, 0 left on base; Idaho Falls 2 - Minnesota (NYP) 3 |
| TOP OF THE 5TH |
|
Idaho Falls Chukars batting - Pitching for Minnesota (NYP) Twins : LHP Ricky Lopez
|
|
Batting: LHB David Bearden
|
0-0: Ball 1-0: Swinging Strike 1-1: Foul Ball, location: 2F 1-2: Ball 2-2: Strikes out swinging
|
|
Batting: SHB Benoît Morin
|
0-0: Ground out 6-3 (Groundball, 6M, EV 83.1 MPH)
|
|
Batting: RHB Mike Bearden
|
0-0: Called Strike 0-1: Fly out, F9 (Flyball, 9D, EV 98.8 MPH)
|
| Top of the 5th over - 0 runs, 0 hits, 0 errors, 0 left on base; Idaho Falls 2 - Minnesota (NYP) 3 |
| BOTTOM OF THE 5TH |
|
Minnesota (NYP) Twins batting - Pitching for Idaho Falls Chukars : LHP Dustin Waller
|
|
Batting: RHB Caleb Bockmann
|
0-0: Ball 1-0: Ball 2-0: Ball 3-0: Base on Balls
|
|
Batting: RHB Pat Adams
|
0-0: Ball Caleb Bockmann is caught stealing 2nd base 2-4 1-0: Foul Ball, location: 2F 1-1: Ground out 6-3 (Groundball, 6, EV 81.9 MPH)
|
|
Batting: RHB Steve Terrell
|
0-0: Called Strike 0-1: Ball 1-1: Swinging Strike 1-2: Fly out, F9 (Flyball, 89XD, EV 90.6 MPH)
|
| Bottom of the 5th over - 0 runs, 0 hits, 0 errors, 0 left on base; Idaho Falls 2 - Minnesota (NYP) 3 |
| TOP OF THE 6TH |
|
Idaho Falls Chukars batting - Pitching for Minnesota (NYP) Twins : LHP Ricky Lopez
|
|
Batting: RHB Jonas Fernandez
|
0-0: Ball 1-0: Ball 2-0: Fly out, F7 (Flyball, 7, EV 92.5 MPH)
|
|
Batting: RHB Carlos Almada
|
0-0: Ball 1-0: Ball 2-0: Foul Ball, location: 2F 2-1: Foul Ball, location: 2F 2-2: Foul Ball, location: 2F 2-2: Foul Ball, location: 2F 2-2: Ball 3-2: Foul Ball, location: 2F 3-2: Base on Balls
|
|
Pitching: RHP Cody Bryant
|
|
|
Batting: RHB Chance Argy
|
0-0: Called Strike 0-1: Ball 1-1: Foul Ball, location: 2F 1-2: Ball 2-2: Fly out, F8 (Flyball, 8RM, EV 83.1 MPH)
|
|
Batting: RHB Ian Hornsby
|
0-0: Ball 1-0: Called Strike 1-1: Called Strike 1-2: Ball 2-2: Strikes out swinging
|
| Top of the 6th over - 0 runs, 0 hits, 0 errors, 1 left on base; Idaho Falls 2 - Minnesota (NYP) 3 |
| BOTTOM OF THE 6TH |
|
Minnesota (NYP) Twins batting - Pitching for Idaho Falls Chukars : LHP Dustin Waller
|
|
Batting: RHB Fhil Mikrakin
|
0-0: Called Strike 0-1: Ball 1-1: Ball 2-1: Swinging Strike 2-2: Ball 3-2: Fly out, F7 (Flyball, 78S, EV 86.9 MPH)
|
|
Batting: LHB Yasutoshi Hayashi
|
0-0: Called Strike 0-1: Ball 1-1: Swinging Strike 1-2: Strikes out swinging
|
|
Batting: LHB Jose Hilario
|
0-0: Ground out 1-3 (Groundball, P, EV 70.6 MPH)
|
| Bottom of the 6th over - 0 runs, 0 hits, 0 errors, 0 left on base; Idaho Falls 2 - Minnesota (NYP) 3 |
| TOP OF THE 7TH |
|
Idaho Falls Chukars batting - Pitching for Minnesota (NYP) Twins : RHP Cody Bryant
|
|
Batting: RHB Jimmy Mayville
|
0-0: Ball 1-0: Ball 2-0: Ball 3-0: Called Strike 3-1: Foul Ball, location: 2F 3-2: Foul Ball, location: 2F 3-2: Base on Balls
|
|
Batting: RHB Bobby Matyas
|
0-0: Ball 1-0: Ball 2-0: Bunted foul 2-1: Bunted foul 2-2: Ground out U3 (Groundball, 34S, EV 82.5 MPH) Jimmy Mayville to second
|
|
Pitching: LHP Travis Joyal
|
|
|
Batting: LHB David Bearden
|
0-0: Ball 1-0: Ball 2-0: Swinging Strike 2-1: Swinging Strike 2-2: Ball 3-2: Ground out U3 (Groundball, 3, EV 83.1 MPH) Jimmy Mayville to third
|
|
Batting: SHB Benoît Morin
|
0-0: Ball 1-0: Ball Passed Ball! Jimmy Mayville scores 2-0: Ball 3-0: Called Strike 3-1: SINGLE (Groundball, 6M, EV 102.5 MPH) (infield hit)
|
|
Batting: RHB Mike Bearden
|
0-0: Ball 1-0: Ball 2-0: Ball 3-0: Base on Balls Benoît Morin to second
|
|
Batting: RHB Jonas Fernandez
|
0-0: Ball 1-0: Ball 2-0: Foul Ball, location: 2F 2-1: SINGLE (Groundball, 56D, EV 101.9 MPH) Benoît Morin to third Mike Bearden to second Runner from 3rd tries for Home, SAFE, throw by LF to home
|
|
Batting: RHB Carlos Almada
|
0-0: Fly out, F7 (Flyball, 7D, EV 106.9 MPH)
|
| Top of the 7th over - 2 runs, 2 hits, 0 errors, 2 left on base; Idaho Falls 4 - Minnesota (NYP) 3 |
| BOTTOM OF THE 7TH |
|
Minnesota (NYP) Twins batting - Pitching for Idaho Falls Chukars : LHP Dustin Waller
|
|
Batting: SHB Juan Aguilar
|
0-0: Called Strike 0-1: Called Strike 0-2: Foul Ball, location: 2F 0-2: Ball 1-2: Ball 2-2: Foul Ball, location: 2F 2-2: Strikes out swinging
|
|
Pitching: RHP Bryan Kiefer
|
|
|
Batting: LHB Ben Roth
|
0-0: Ball 1-0: Ball 2-0: Swinging Strike 2-1: Ground out 6-3 (Groundball, 6M, EV 78.1 MPH)
|
|
Batting: RHB David McClellan
|
0-0: SINGLE (Groundball, 56, EV 110.0 MPH)
|
|
Batting: RHB Caleb Bockmann
|
0-0: Foul Ball, location: 2F 0-1: Called Strike 0-2: Ball Passed Ball! David McClellan to second 1-2: SINGLE (Groundball, 56D, EV 98.1 MPH) David McClellan to third Runner from 3rd tries for Home, SAFE, throw by LF to home
|
|
Batting: RHB Pat Adams
|
0-0: Ball 1-0: Fielders Choice at 2nd, U4 (Groundball, 4M, EV 85.0 MPH)
|
| Bottom of the 7th over - 1 run, 2 hits, 0 errors, 1 left on base; Idaho Falls 4 - Minnesota (NYP) 4 |
| TOP OF THE 8TH |
|
Idaho Falls Chukars batting - Pitching for Minnesota (NYP) Twins : LHP Travis Joyal
|
|
Batting: RHB Chance Argy
|
0-0: Ball 1-0: Called Strike 1-1: Ball 2-1: Fly out, F8 (Flyball, 8LM, EV 89.4 MPH)
|
|
Batting: RHB Ian Hornsby
|
0-0: Called Strike 0-1: Foul Ball, location: 2F 0-2: Ball 1-2: Strikes out swinging
|
|
Pitching: LHP Yeijiro Kimura
|
|
|
Batting: RHB Jimmy Mayville
|
0-0: Ball 1-0: SOLO HOME RUN (Flyball, 7LD, EV 95.6 MPH), Distance : 359 ft
|
|
Batting: RHB Bobby Matyas
|
0-0: Ball 1-0: SINGLE (Groundball, 56D, EV 102.5 MPH)
|
|
Batting: LHB David Bearden
|
0-0: Called Strike 0-1: Called Strike 0-2: Fly out, F8 (Flyball, 8LXD, EV 94.4 MPH)
|
| Top of the 8th over - 1 run, 2 hits, 0 errors, 1 left on base; Idaho Falls 5 - Minnesota (NYP) 4 |
| BOTTOM OF THE 8TH |
|
Minnesota (NYP) Twins batting - Pitching for Idaho Falls Chukars : RHP Bryan Kiefer
|
|
Batting: RHB Steve Terrell
|
0-0: Ground out 6-3 (Groundball, 56, EV 76.9 MPH)
|
|
Batting: RHB Fhil Mikrakin
|
0-0: SINGLE (Groundball, 56S, EV 72.5 MPH) (infield hit)
|
|
Pitching: RHP Jim Haggart
|
|
|
Batting: LHB Yasutoshi Hayashi
|
0-0: Ball 1-0: Foul Ball, location: 2F 1-1: Ball 2-1: DOUBLE (Flyball, 89XD, EV 99.4 MPH) Fhil Mikrakin to third Runner from 3rd tries for Home, throw by RF and OUT! 9-4-2
|
|
Batting: LHB Jose Hilario
|
0-0: Foul Ball, location: 2F 0-1: Ball 1-1: Called Strike 1-2: Strikes out swinging
|
| Bottom of the 8th over - 0 runs, 2 hits, 0 errors, 1 left on base; Idaho Falls 5 - Minnesota (NYP) 4 |
| TOP OF THE 9TH |
|
Idaho Falls Chukars batting - Pitching for Minnesota (NYP) Twins : LHP Yeijiro Kimura
|
|
Batting: SHB Benoît Morin
|
0-0: Ball 1-0: Ball 2-0: Swinging Strike 2-1: Swinging Strike 2-2: Strikes out looking
|
|
Batting: RHB Mike Bearden
|
0-0: Ball 1-0: Foul Ball, location: 2F 1-1: DOUBLE (Line Drive, 78XD, EV 105.6 MPH)
|
|
Batting: RHB Jonas Fernandez
|
0-0: DOUBLE (Flyball, 89D, EV 98.1 MPH) Mike Bearden scores
|
|
Batting: RHB Carlos Almada
|
0-0: Called Strike 0-1: Ball 1-1: Ball 2-1: Foul Ball, location: 2F 2-2: Ball 3-2: Strikes out swinging
|
|
Batting: RHB Chance Argy
|
0-0: Called Strike 0-1: Swinging Strike 0-2: Ball 1-2: Foul Ball, location: 2F 1-2: Foul Ball, location: 2F 1-2: Strikes out swinging
|
| Top of the 9th over - 1 run, 2 hits, 0 errors, 1 left on base; Idaho Falls 6 - Minnesota (NYP) 4 |
| BOTTOM OF THE 9TH |
|
Minnesota (NYP) Twins batting - Pitching for Idaho Falls Chukars : RHP Jim Haggart
|
|
Batting: SHB Juan Aguilar
|
0-0: Ball 1-0: Ball 2-0: Called Strike 2-1: Foul Ball, location: 2F 2-2: Foul Ball, location: 2F 2-2: Strikes out swinging
|
|
Batting: LHB Ben Roth
|
0-0: Called Strike 0-1: Called Strike 0-2: Strikes out swinging
|
|
Pinch Hitting: LHB Tomas Espino
|
0-0: Ball 1-0: Swinging Strike 1-1: Ball 2-1: Ball 3-1: Base on Balls
|
|
Batting: RHB Caleb Bockmann
|
0-0: Ball 1-0: Ball 2-0: Called Strike 2-1: SINGLE (Groundball, 6D, EV 95.0 MPH) Tomas Espino to second
|
|
Pitching: LHP Bin Ya
|
|
|
Batting: RHB Pat Adams
|
0-0: Ball 1-0: Ball 2-0: Foul Ball, location: 2F 2-1: Ball 3-1: Base on Balls Tomas Espino to third Caleb Bockmann to second
|
|
Batting: RHB Steve Terrell
|
0-0: Ball 1-0: Ball 2-0: Ball 3-0: Called Strike 3-1: Base on Balls Tomas Espino scores Caleb Bockmann to third Pat Adams to second
|
|
Batting: RHB Fhil Mikrakin
|
0-0: Ball Balk! Caleb Bockmann scores Pat Adams to third Steve Terrell to second 1-0: Intentional Walk
|
|
Pinch Hitting: RHB Rick Kendall
|
0-0: Called Strike 0-1: Called Strike 0-2: Ball 1-2: Strikes out swinging
|
| Bottom of the 9th over - 2 runs, 1 hit, 0 errors, 3 left on base; Idaho Falls 6 - Minnesota (NYP) 6 |
| TOP OF THE 10TH |
|
Idaho Falls Chukars batting - Pitching for Minnesota (NYP) Twins : LHP Yeijiro Kimura
|
|
Pitching: RHP Chad Brock
|
|
|
Now at 1B: Tomas Espino
|
|
|
Now at 2B: Sergio Gomez
|
|
|
Batting: RHB Ian Hornsby
|
0-0: Ball 1-0: Reached on error, E6 (Groundball, 6M, EV 109.4 MPH)
|
|
Batting: RHB Jimmy Mayville
|
0-0: Fielders Choice at 2nd, 5-4 (Groundball, 56, EV 82.5 MPH)
|
|
Batting: RHB Bobby Matyas
|
0-0: Called Strike 0-1: Ball 1-1: SINGLE (Groundball, 5L, EV 98.8 MPH) Jimmy Mayville to second
|
|
Batting: LHB David Bearden
|
0-0: Called Strike 0-1: Ball 1-1: Called Strike 1-2: Ball 2-2: Foul Ball, location: 2F 2-2: Ball 3-2: Base on Balls Jimmy Mayville to third Bobby Matyas to second
|
|
Batting: SHB Benoît Morin
|
0-0: Ball 1-0: Ball 2-0: Ball 3-0: Base on Balls Jimmy Mayville scores Bobby Matyas to third David Bearden to second
|
|
Batting: RHB Mike Bearden
|
0-0: Ball 1-0: Ball Wild Pitch! Bobby Matyas scores David Bearden to third Benoît Morin to second 2-0: DOUBLE (Groundball, 5L, EV 109.4 MPH) David Bearden scores Benoît Morin scores
|
|
Pitching: RHP Larry Muttart
|
|
|
Batting: RHB Jonas Fernandez
|
0-0: Ball 1-0: Foul Ball, location: 2F 1-1: Ball 2-1: Ball 3-1: Swinging Strike 3-2: Base on Balls
|
|
Batting: RHB Carlos Almada
|
0-0: Called Strike 0-1: Ball 1-1: DOUBLE (Flyball, 8RXD, EV 100.0 MPH) Mike Bearden scores Jonas Fernandez to third
|
|
Batting: RHB Chance Argy
|
0-0: Ball 1-0: Foul Ball, location: 2F 1-1: Ball 2-1: Fly out, F2 (Popup, 23F, EV 88.8 MPH)
|
|
Batting: RHB Ian Hornsby
|
0-0: Reached on error, E3 (Groundball, 34S, EV 92.5 MPH) Jonas Fernandez scores Carlos Almada to third
|
|
Batting: RHB Jimmy Mayville
|
0-0: Ball 1-0: Called Strike 1-1: SINGLE (Line Drive, 8LS, EV 97.5 MPH) Carlos Almada scores Ian Hornsby to second
|
|
Pinch Hitting: LHB Shohei Nishi
|
0-0: Ball 1-0: Called Strike 1-1: Ball 2-1: Foul Ball, location: 2F 2-2: Strikes out looking
|
| Top of the 10th over - 7 runs, 4 hits, 2 errors, 2 left on base; Idaho Falls 13 - Minnesota (NYP) 6 |
| BOTTOM OF THE 10TH |
|
Minnesota (NYP) Twins batting - Pitching for Idaho Falls Chukars : LHP Bin Ya
|
|
Now in RF: Shohei Nishi
|
|
|
Batting: LHB Jose Hilario
|
0-0: Ball 1-0: SOLO HOME RUN (Flyball, 7D, EV 94.4 MPH), Distance : 383 ft
|
|
Batting: SHB Juan Aguilar
|
0-0: Foul Ball, location: 2F 0-1: Ball 1-1: Swinging Strike 1-2: Foul Ball, location: 2F 1-2: Ball 2-2: Foul Ball, location: 2F 2-2: Ball 3-2: Foul Ball, location: 2F 3-2: Strikes out swinging
|
|
Batting: LHB Ben Roth
|
0-0: Ball 1-0: Called Strike 1-1: Swinging Strike 1-2: Ball 2-2: Foul Ball, location: 2F 2-2: Foul Ball, location: 2F 2-2: Strikes out swinging
|
|
Batting: LHB Tomas Espino
|
0-0: Called Strike 0-1: Ground out 4-3 (Groundball, 4MD, EV 104.4 MPH)
|
| Bottom of the 10th over - 1 run, 1 hit, 0 errors, 0 left on base; Idaho Falls 13 - Minnesota (NYP) 7 |
|